 Dungeon Crawl Stone Soup version 0.29-a0-397-g846e4a0bbc (webtiles) character file.

Game seed: 10607320669697756537

8330 croobank the Covert (level 11, -2/89 HPs)
             Began as a Gnoll Delver on May 11, 2022.
             Was an Initiate of Gozag.
             Slain by a phantasmal warrior (8 damage)
             ... led by a death knight
             ... on level 10 of the Dungeon.
             The game lasted 00:44:49 (9591 turns).

croobank the Covert (Gnoll Delver)                  Turns: 9591, Time: 00:44:50

Health: -2/89      AC: 15    Str: 12    XL:     11   Next: 29%
Magic:  20/20      EV: 14    Int: 14    God:    Gozag
Gold:   1408       SH:  0    Dex: 17    Spells: 6/22 levels left

rFire   . . .      SeeInvis .   V - +0 battleaxe (spect)
rCold   + . .      Faith    .   (shield currently unavailable)
rNeg    . . .      Spirit   .   z - +2 ring mail {rPois}
rPois   +          Reflect  .   t - +0 helmet
rElec   +          Harm     .   s - +0 cloak
rCorr   .          Rampage  .   o - +2 pair of gloves
Will    .....                   v - +0 pair of boots
Stlth   ++++......              k - amulet "Sairamn" {rElec Regen+}
HPRegen 1.04/turn               y - ring of wizardry
MPRegen 0.17/turn               B - ring of Dithmenos, Uplifting {rPois rC+ Dex+4}

@: weak-willed, slowed, very slow
A: fangs 1, strong nose, distributed training
a: Renounce Religion, Potion Petition, Call Merchant, Bribe Branch


You were on level 10 of the Dungeon.
You worshipped Gozag.
Gozag was most pleased with you.
You visited 2 branches of the dungeon, and saw 11 of its levels.

You collected 1480 gold pieces.
You paid 72 gold pieces to Gozag.

Inventory:

Hand Weapons
 a - a +0 hand axe of protection
 e - a +0 long sword of flaming
 n - a +0 vampiric trident
 C - a +2 whip of electrocution
 K - a +0 morningstar
 V - a +0 spectral battleaxe (weapon)
Missiles
 q - 29 poisoned darts
 J - 8 silver boomerangs
 P - a throwing net
 U - 11 boomerangs
Armour
 b - a +0 leather armour
 d - a +1 ring mail
 i - +0 ice dragon scales
 j - a +0 chain mail
 o - a +2 pair of gloves (worn)
 s - a +0 cloak (worn)
 t - a +0 helmet (worn)
 v - a +0 pair of boots (worn)
 z - a +2 ring mail of poison resistance (worn)
 N - a +0 kite shield
Magical Staves
 W - a staff of fire
Jewellery
 k - the amulet "Sairamn" (around neck) {rElec Regen+}
   (You acquired it on level 1 of the Dungeon)

   [amulet of regeneration]

   rElec:     It insulates you from electricity.
   Regen:     It increases your rate of health regeneration.
 l - a +4 ring of evasion
 m - a ring of protection from fire
 x - a ring of willpower
 y - a ring of wizardry (left hand)
 A - an amulet of regeneration
 B - the ring of Dithmenos, Uplifting (right hand) {rPois rC+ Dex+4}
   (You acquired it on level 5 of the Dungeon)

   [ring of protection from cold]

   Dex:       It affects your dexterity (+4).
   rC:        It protects you from cold.
   rPois:     It protects you from poison.
 S - a +4 ring of protection
 T - a ring of positive energy
Wands
 g - a wand of digging (10)
 E - a wand of acid (1)
 G - a wand of iceblast (24)
 H - a wand of flame (10)
 O - a wand of paralysis (3) (quivered)
Scrolls
 c - a scroll of fog
 f - a scroll of immolation
 h - 5 scrolls of teleportation
 D - 3 scrolls of amnesia
 F - 4 scrolls of identify
 I - a scroll of magic mapping
 M - a scroll of fear
Potions
 p - 5 potions of invisibility
 r - 2 potions of flight
 u - 2 potions of lignification
 L - a potion of resistance
 Q - a potion of heal wounds
 R - a potion of brilliance
 Z - a potion of berserk rage
Miscellaneous
 X - a piece from Xom's chessboard (15/15)
 Y - a lightning rod (4/4)


   Skills:
 + Level 9.1 Fighting
 + Level 6.1 Short Blades
 + Level 6.1 Long Blades
 + Level 7.7 Axes
 + Level 6.1 Maces & Flails
 + Level 6.1 Polearms
 + Level 6.1 Staves
 + Level 6.1 Slings
 + Level 6.1 Bows
 + Level 6.1 Crossbows
 + Level 6.1 Throwing
 + Level 6.1 Armour
 + Level 7.7 Dodging
 + Level 11.3 Stealth
 + Level 6.1 Shields
 + Level 6.1 Unarmed Combat
 + Level 6.1 Spellcasting
 + Level 5.1 Conjurations
 + Level 5.1 Hexes
 + Level 5.1 Summonings
 + Level 5.1 Necromancy
 + Level 5.1 Translocations
 + Level 5.1 Transmutations
 + Level 5.1 Fire Magic
 + Level 5.1 Ice Magic
 + Level 5.1 Air Magic
 + Level 5.1 Earth Magic
 + Level 5.1 Poison Magic
 + Level 6.7 Invocations
 + Level 6.1 Evocations


You had 6 spell levels left.
You knew the following spells:

 Your Spells              Type           Power      Damage    Failure   Level
a - Magic Dart            Conj           72%        1d6       1%          1
b - Searing Ray           Conj           36%        2d5       2%          2
c - Static Discharge      Conj/Air       18%        N/A       2%          2
d - Dazzling Flash        Conj/Hex       36%        N/A       4%          3
e - Fulminant Prism       Conj/Hex       9%         3d7       16%         4
f - Sticky Flame          Conj/Fire      18%        2d4       16%         4

Your spell library contained the following spells:

 Spells                   Type           Power      Damage    Failure   Level
 Pain                     Necr           72%        1d7       1%          1
 Dispel Undead            Necr           18%        3d11      16%         4
 Agony                    Necr           18%        N/A       38%         5
 Excruciating Wounds      Necr           9%         N/A       38%         5
 Iskenderun's Battlesphe  Conj           18%        2d7       38%         5
 Silence                  Hex/Air        9%         N/A       38%         5
 Iron Shot                Conj/Erth      9%         9d3       91%         6
 Spellforged Servitor     Conj/Summ      9%         N/A       100%        7


Dungeon Overview and Level Annotations

Branches:
Dungeon (10/15)            Temple (1/1) D:5             Orc (0/2) D:9
   Lair: D:8-11

Altars:
Fedhas
Gozag
Kikubaaqudgha
Qazlal
Ru
Uskayaw
Vehumet
Wu Jian
Xom
The Shining One

Shops:
D:3 (

Annotations:
D:5 1 runed translucent door, Crazy Yiuf
D:6 1 runed translucent door, Gelos's ghost, novice TrMo


Innate Abilities, Weirdness & Mutations

You have very sharp teeth.
Your uncanny sense of smell can sniff out nearby items.
Your experience applies equally to all skills.


Message History

Found 6 javelins.
Found a stone staircase leading down.
A wraith and a phantasmal warrior come into view.
Found 9 stones, a wand of flame (12) and 20 gold pieces.
The phantasmal warrior gestures at you.
The phantasmal warrior blinks!
The phantasmal warrior gestures at you.
The phantasmal warrior blinks!
You barely miss the phantasmal warrior.
The phantasmal warrior hits you but does no damage. x2
You barely miss the phantasmal warrior. The phantasmal warrior hits you!
Your willpower is stripped away!
You closely miss the phantasmal warrior.
You barely miss the freezing wraith.
The freezing wraith hits you but does no damage.
The freezing wraith hits you. The freezing wraith drains your vigour!
You feel yourself slow down. The phantasmal warrior hits you.
You hit the phantasmal warrior but do no damage.
You bite the phantasmal warrior, but do no damage.
You barely miss the freezing wraith. The phantasmal warrior hits you!
The freezing wraith hits you. The freezing wraith freezes you! You resist.
The freezing wraith hits you but does no damage.
The freezing wraith misses you. The freezing wraith hits you.
The freezing wraith drains your vigour!
You feel as though you will be slow longer.
The phantasmal warrior hits you!
* * * LOW HITPOINT WARNING * * *
You hit the freezing wraith.
You bite the freezing wraith, but do no damage.
The freezing wraith is lightly damaged.
You slash the phantasmal warrior! The phantasmal warrior hits you.
* * * LOW HITPOINT WARNING * * *
The freezing wraith hits you!
* * * LOW HITPOINT WARNING * * *
The freezing wraith freezes you. You resist.
* * * LOW HITPOINT WARNING * * *
The freezing wraith barely misses you. The freezing wraith misses you.
The freezing wraith hits you but does no damage.
The phantasmal warrior hits you!
You die...
Your body crumbles into a pile of gold.

....#
#.#
#####
#.# #.#
#.# #.#
#.# #>#
#W# #@#
#W# #.#
#.#
.W.$...
#.#
..W....
#.#
/.p....
#.#
.>.....
#.#
.......
#.#


You could see a phantasmal warrior and a freezing wraith.

Vanquished Creatures
  Erica (D:8)
  2 two-headed ogres
  An ugly thing (D:9)
  2 trolls
  Grinder (D:3)
  A hornet (D:9)
  6 yaks (D:9)
  Sigmund (D:5)
  A wraith (D:10)
  3 wargs (D:9)
  A water moccasin (D:7)
  Duvessa (D:7)
  2 ice beasts
  5 orc warriors
  2 black bears
  3 sky beasts
  2 ogres
  A centaur (D:9)
  2 kobold brigands
  2 bullfrogs
  A scorpion (D:5)
  2 necrophages
  5 gnoll sergeants
  Dowan (D:7)
  7 killer bees
  4 crimson imps (D:4)
  2 hounds
  7 orc priests
  4 jellies
  3 iguanas
  Ijyb (D:5)
  4 orc wizards
  Robin (D:4)
  26 gnolls
  5 adders
  2 shadow imps (D:8)
  A white imp (D:5)
  An ufetubus (D:5)
  2 dart slugs
  21 orcs
  6 bats
  5 endoplasms
  5 giant cockroaches
  15 goblins
  7 hobgoblins
  4 jackals (D:4)
  12 kobolds
  5 quokkas
  6 ball pythons
  3 frilled lizards
  7 rats
215 creatures vanquished.

Vanquished Creatures (others)
  3 fulminant prisms (D:9)
  A fungus (D:5)
4 creatures vanquished.

Grand Total: 219 creatures vanquished

Notes
Turn   | Place    | Note
-------+----------+-------------------------------------------
     0 | D:5      | Reached skill level 9 in Stealth
     0 | D:5      | croobank the Gnoll Delver began the quest for the Orb.
     0 | D:5      | Reached XP level 1. HP: 23/23 MP: 1/1
   167 | D:5      | Noticed an orc wizard
   168 | D:5      | Noticed an orc priest
   169 | D:5      | HP: 1/23 [orc priest/divine providence (16)]
   170 | D:5      | Noticed a jelly
   281 | D:4      | Noticed a hound
   837 | D:2      | You fall into a shaft and drop 2 floors!
   852 | D:4      | Reached XP level 2. HP: 29/29 MP: 2/2
   882 | D:3      | Noticed Grinder
  1053 | D:2      | Found an ornate altar of the Wu Jian Council.
  1324 | D:1      | Reached XP level 3. HP: 34/35 MP: 3/3
  1490 | D:1      | Reached skill level 1 in Invocations
  1901 | D:1      | Reached skill level 1 in Short Blades
  1901 | D:1      | Reached skill level 1 in Long Blades
  1901 | D:1      | Reached skill level 1 in Maces & Flails
  1901 | D:1      | Reached skill level 1 in Polearms
  1901 | D:1      | Reached skill level 1 in Staves
  1901 | D:1      | Reached skill level 1 in Slings
  1901 | D:1      | Reached skill level 1 in Bows
  1901 | D:1      | Reached skill level 1 in Crossbows
  1901 | D:1      | Reached skill level 1 in Throwing
  1901 | D:1      | Reached skill level 1 in Armour
  1901 | D:1      | Reached skill level 1 in Shields
  1901 | D:1      | Reached skill level 1 in Unarmed Combat
  1901 | D:1      | Reached skill level 1 in Spellcasting
  1901 | D:1      | Reached skill level 1 in Evocations
  1959 | D:1      | Learned a level 1 spell: Magic Dart
  1962 | D:1      | Learned a level 2 spell: Searing Ray
  2003 | D:1      | Identified a scroll of acquirement
  2003 | D:1      | Acquired the amulet "Sairamn" {rElec Regen+}
  2261 | D:2      | Found a faded altar of an unknown god.
  2438 | D:3      | Found Xekaopa's Antique Weapon Boutique.
  2529 | D:2      | Reached XP level 4. HP: 41/41 MP: 5/5
  2659 | D:3      | Reached skill level 1 in Conjurations
  2659 | D:3      | Reached skill level 1 in Hexes
  2659 | D:3      | Reached skill level 1 in Summonings
  2659 | D:3      | Reached skill level 1 in Necromancy
  2659 | D:3      | Reached skill level 1 in Translocations
  2659 | D:3      | Reached skill level 1 in Transmutations
  2659 | D:3      | Reached skill level 1 in Fire Magic
  2659 | D:3      | Reached skill level 1 in Ice Magic
  2659 | D:3      | Reached skill level 1 in Air Magic
  2659 | D:3      | Reached skill level 1 in Earth Magic
  2659 | D:3      | Reached skill level 1 in Poison Magic
  2740 | D:3      | Paralysed by Grinder for 5 turns
  2748 | D:3      | Paralysed by Grinder for 5 turns
  2756 | D:3      | Paralysed by Grinder for 5 turns
  2772 | D:3      | Killed Grinder
  2773 | D:3      | Reached skill level 5 in Axes
  2773 | D:3      | Reached skill level 5 in Dodging
  2773 | D:3      | Reached XP level 5. HP: 39/47 MP: 5/8
  2773 | D:3      | Reached XP level 6. HP: 44/53 MP: 5/9
  3096 | D:4      | Noticed Robin
  3177 | D:4      | Killed Robin
  3252 | D:4      | Reached XP level 7. HP: 59/59 MP: 10/10
  3290 | D:4      | Found a shimmering altar of Xom.
  3836 | D:4      | Reached skill level 10 in Stealth
  4042 | D:5      | Found a staircase to the Ecumenical Temple.
  4064 | D:5      | Noticed Sigmund
  4089 | Temple   | Entered the Ecumenical Temple
  4126 | Temple   | Became a worshipper of Gozag Ym Sagoz the Greedy
  4181 | D:6      | Learned a level 2 spell: Static Discharge
  4195 | D:5      | Killed Sigmund
  4196 | D:5      | Reached XP level 8. HP: 57/67 MP: 1/12
  4877 | D:5      | Acquired the ring of Dithmenos, Uplifting {rPois rC+ Dex+4}
  4886 | D:5      | Found a runed translucent door.
  4887 | D:5      | Noticed Crazy Yiuf
  4918 | D:5      | Noticed Ijyb
  4952 | D:5      | Killed Ijyb
  5427 | D:6      | Noticed a troll
  5451 | D:6      | Killed a troll
  5461 | D:6      | Reached XP level 9. HP: 28/72 MP: 2/14
  5614 | D:6      | Found a runed translucent door.
  5614 | D:6      | Noticed a manticore
  5615 | D:6      | Noticed Gelos's ghost (novice TrMo)
  6361 | D:6      | Found a glowing golden altar of the Shining One.
  6364 | D:6      | Found a sacrificial altar of Ru.
  6367 | D:6      | Found an ancient bone altar of Kikubaaqudgha.
  6489 | D:6      | Found a stormy altar of Qazlal.
  6901 | D:7      | Noticed Duvessa
  6903 | D:7      | Noticed Dowan
  6909 | D:7      | Killed Duvessa
  6913 | D:7      | Killed Dowan
  7132 | D:7      | Reached skill level 5 in Invocations
  7255 | D:7      | Learned a level 3 spell: Dazzling Flash
  7260 | D:7      | Learned a level 4 spell: Fulminant Prism
  7265 | D:7      | Learned a level 4 spell: Sticky Flame
  7893 | D:8      | Found a hide-covered altar of Uskayaw.
  8004 | D:7      | Reached XP level 10. HP: 78/80 MP: 17/17
  8096 | D:8      | Noticed Erica
  8119 | D:8      | Killed Erica
  8120 | D:8      | Reached skill level 5 in Short Blades
  8120 | D:8      | Reached skill level 5 in Long Blades
  8120 | D:8      | Reached skill level 5 in Maces & Flails
  8120 | D:8      | Reached skill level 5 in Polearms
  8120 | D:8      | Reached skill level 5 in Staves
  8120 | D:8      | Reached skill level 5 in Slings
  8120 | D:8      | Reached skill level 5 in Bows
  8120 | D:8      | Reached skill level 5 in Crossbows
  8120 | D:8      | Reached skill level 5 in Throwing
  8120 | D:8      | Reached skill level 5 in Armour
  8120 | D:8      | Reached skill level 5 in Shields
  8120 | D:8      | Reached skill level 5 in Unarmed Combat
  8120 | D:8      | Reached skill level 5 in Spellcasting
  8120 | D:8      | Reached skill level 5 in Evocations
  8180 | D:8      | Found a blossoming altar of Fedhas.
  8307 | D:8      | Noticed a two-headed ogre
  8313 | D:8      | Killed a two-headed ogre
  8496 | D:9      | Found a staircase to the Orcish Mines.
  8518 | D:9      | Reached skill level 11 in Stealth
  8716 | D:9      | Noticed a green ugly thing
  8868 | D:9      | Killed a green ugly thing
  9000 | D:9      | Reached XP level 11. HP: 87/87 MP: 19/19
  9050 | D:9      | Noticed a two-headed ogre
  9073 | D:9      | Reached skill level 5 in Conjurations
  9073 | D:9      | Reached skill level 5 in Hexes
  9073 | D:9      | Reached skill level 5 in Summonings
  9073 | D:9      | Reached skill level 5 in Necromancy
  9073 | D:9      | Reached skill level 5 in Translocations
  9073 | D:9      | Reached skill level 5 in Transmutations
  9073 | D:9      | Reached skill level 5 in Fire Magic
  9073 | D:9      | Reached skill level 5 in Ice Magic
  9073 | D:9      | Reached skill level 5 in Air Magic
  9073 | D:9      | Reached skill level 5 in Earth Magic
  9073 | D:9      | Reached skill level 5 in Poison Magic
  9080 | D:9      | Killed a two-headed ogre
  9444 | D:10     | Entered Level 10 of the Dungeon
  9569 | D:10     | Noticed a death knight
  9570 | D:10     | Noticed a phantasmal warrior
  9591 | D:10     | Slain by a phantasmal warrior

Illustrated notes

Levels and vault maps discovered:
D:1:      dpeg_arrival_snail, layout_basic
D:2:      layout_loops_cross, basic_altar,
          shapermc_ecumenical_altar_mp_highgroup
D:3:      layout_rooms, serial_shops, shop, serial_park_tiny_2,
          chequers_serial_rivers_large_a, uniq_grinder
D:4:      layout_rooms, led_xom_imps, serial_park_tiny_2, uniq_robin
D:5:      layout_loops_ring, temple_hall, uniq_ijyb, uniq_sigmund,
          uniq_crazy_yiuf_cottage
D:6:      layout_loops_corners, lemuel_crystal_altar,
          grunt_temple_overflow_diamond, ebering_ghost_inner_flame
D:7:      layout_basic, uniq_duvessa
D:8:      layout_rooms, mainiacjoe_overflow_six_doors_small,
          mainiacjoe_overflow_alcove_1, uniq_erica
D:9:      layout_loops_cross, david_orc_1_choice, minmay_chambers_of_fives
D:10:     minmay_the_grid_octo_2x2 [minmay_the_grid_octo_fat_diamond,
          minmay_the_grid_octo_focus, minmay_the_grid_octo_empty,
          minmay_the_grid_octo_prize_star], layout_rooms, lair_entry_dummy
Temple:   regret_index_temple_generic_petals

Skill      XL: |  1  2  3  4  5  6  7  8  9 10 11 |
---------------+----------------------------------+-----
Stealth        | 10 11 | 11.3
Invocations    | 1 2 3 4 5 6 |  6.7
Short Blades   | 1 2 3 4 5 6 |  6.1
Long Blades    | 1 2 3 4 5 6 |  6.1
Maces & Flails | 1 2 3 4 5 6 |  6.1
Polearms       | 1 2 3 4 5 6 |  6.1
Staves         | 1 2 3 4 5 6 |  6.1
Slings         | 1 2 3 4 5 6 |  6.1
Bows           | 1 2 3 4 5 6 |  6.1
Crossbows      | 1 2 3 4 5 6 |  6.1
Throwing       | 1 2 3 4 5 6 |  6.1
Armour         | 1 2 3 4 5 6 |  6.1
Shields        | 1 2 3 4 5 6 |  6.1
Unarmed Combat | 1 2 3 4 5 6 |  6.1
Spellcasting   | 1 2 3 4 5 6 |  6.1
Evocations     | 1 2 3 4 5 6 |  6.1
Conjurations   | 1 2 3 4 5 |  5.1
Hexes          | 1 2 3 4 5 |  5.1
Summonings     | 1 2 3 4 5 |  5.1
Necromancy     | 1 2 3 4 5 |  5.1
Translocations | 1 2 3 4 5 |  5.1
Transmutations | 1 2 3 4 5 |  5.1
Fire Magic     | 1 2 3 4 5 |  5.1
Ice Magic      | 1 2 3 4 5 |  5.1
Air Magic      | 1 2 3 4 5 |  5.1
Earth Magic    | 1 2 3 4 5 |  5.1
Poison Magic   | 1 2 3 4 5 |  5.1
Axes           | 5 6 7 |  7.7
Dodging        | 5 6 7 |  7.7
Fighting       | 7 8 9 |  9.1

Action                   |  1- 3 |  4- 6 |  7- 9 | 10-12 || total
-------------------------+-------+-------+-------+-------++-------
Melee: Hand axe          |   129 |   127 |   465 |    10 ||   731
       Bite              |    11 |     9 |    66 |    15 ||   101
       Punch             |       |     3 |    24 |       ||    27
       Trident           |       |     9 |     8 |       ||    17
       Battleaxe         |       |       |       |   106 ||   106
       Whip              |       |       |       |    23 ||    23
Throw: Stone             |     1 |       |       |       ||     1
       Throwing net      |       |       |     2 |     1 ||     3
       Boomerang         |       |       |       |     3 ||     3
 Cast: Magic Dart        |       |     2 |    48 |     7 ||    57
       Searing Ray       |       |       |    18 |     2 ||    20
       Static Discharge  |       |       |     1 |       ||     1
       Fulminant Prism   |       |       |       |     3 ||     3
Evoke: Wand              |       |       |       |     1 ||     1
  Use: Scroll            |    13 |       |     4 |     4 ||    21
       Potion            |       |     5 |     3 |     2 ||    10
 Stab: Sleeping          |    17 |     4 |     5 |     2 ||    28
       Held in net/web   |       |       |     3 |       ||     3
       Distracted        |       |       |     3 |       ||     3
       Paralysed         |       |       |       |     5 ||     5
Armor: Ring mail         |    65 |    67 |   257 |    54 ||   443
Dodge: Dodged            |    74 |    92 |   353 |    99 ||   618

Table legend: (Time is in decaauts)
 A = Elapsed time spent in this place.
 B = Non-inter-level travel time spent in this place.
 C = Inter-level travel time spent in this place.
 D = Time resting spent in this place.
 E = Time spent auto-exploring this place.
 F = Levels seen in this place.
 G = Mean time per level.
                   A        B        C        D        E       F      G
               +--------+--------+--------+--------+--------+-----+--------+
         Total |   9625 |   9372 |    253 |   1389 |   5040 |  11 |  875.0 |
       Dungeon |   9569 |   9334 |    235 |   1389 |   5010 |  10 |  956.9 |
        Temple |     55 |     37 |     18 |      0 |     30 |   1 |   55.0 |
               +--------+--------+--------+--------+--------+-----+--------+

Top non-repeatable levels by time:
     D:5: 1558 daAuts
     D:6: 1419 daAuts
     D:9: 1105 daAuts
     D:2: 1064 daAuts
     D:7: 1028 daAuts
     D:3: 1026 daAuts
     D:4: 866 daAuts
     D:1: 726 daAuts
     D:8: 624 daAuts
    D:10: 149 daAuts
  Temple: 55 daAuts
